[ AOE2 MATCH · #490688047 ]
UnrankedPersians vs Vietnamese
[ REPLAY ANALYSIS · EXTRACTED FROM THE RECORDED GAME ]
Feudal
24:58
Castle
29:01
Imperial
43:14
| APM avg | 44.3 |
| APM peak | 89 |
| eAPM avg | 32.2 |
| Villagers / military | 221 / 208 |
Focus
⚔️ 39.2% · 🌾 60.8%
War Elephant ×188 · Fishing Ship ×21 · Fire Galley ×12 · Mangonel ×6 · Monk ×2
Feudal
12:54
Castle
16:33
Imperial
46:57
| APM avg | 44.2 |
| APM peak | 88 |
| eAPM avg | 23.3 |
| Villagers / military | 124 / 144 |
Focus
⚔️ 53.1% · 🌾 46.9%
Cavalry Archer ×71 · Archer ×40 · Fire Lancer ×27 · Fishing Ship ×16 · Battering Ram ×5 · Mangonel ×1
Feudal
—
Castle
—
Imperial
—
| APM avg | 24.4 |
| APM peak | 78 |
| eAPM avg | 14.3 |
| Villagers / military | 90 / 0 |
Focus
⚔️ 40.8% · 🌾 59.2%
Fishing Ship ×9
Feudal
12:58
Castle
17:08
Imperial
31:15
| APM avg | 52.3 |
| APM peak | 94 |
| eAPM avg | 34.2 |
| Villagers / military | 242 / 386 |
Focus
⚔️ 37.9% · 🌾 62.1%
Genoese Crossbowman ×348 · Unknown (882) ×172 · Bombard Cannon ×28 · Fishing Ship ×11 · Fire Galley ×5 · Trebuchet (Packed) ×4
Feudal
13:22
Castle
21:08
Imperial
33:53
| APM avg | 60.1 |
| APM peak | 133 |
| eAPM avg | 38.6 |
| Villagers / military | 231 / 417 |
Focus
⚔️ 34.5% · 🌾 65.5%
Camel Archer ×233 · Scout Cavalry ×160 · Trebuchet (Packed) ×12 · Unknown (2626) ×10 · Galley ×8 · Fishing Ship ×7
Feudal
14:01
Castle
18:11
Imperial
48:28
| APM avg | 56.0 |
| APM peak | 104 |
| eAPM avg | 26.5 |
| Villagers / military | 172 / 261 |
Focus
⚔️ 26.9% · 🌾 73.1%
Knight ×148 · Magyar Huszar ×109 · Fishing Ship ×11 · Fire Galley ×4 · Unknown (2626) ×4
Feudal
13:47
Castle
24:27
Imperial
—
| APM avg | 24.0 |
| APM peak | 68 |
| eAPM avg | 16.7 |
| Villagers / military | 99 / 34 |
Focus
⚔️ 25.7% · 🌾 74.3%
War Wagon ×29 · Fishing Ship ×7 · Battering Ram ×3 · Monk ×2
Feudal
14:04
Castle
18:22
Imperial
—
| APM avg | 32.6 |
| APM peak | 75 |
| eAPM avg | 17.0 |
| Villagers / military | 124 / 59 |
Focus
⚔️ 28.7% · 🌾 71.3%
Arambai ×54 · Fishing Ship ×8 · Monk ×3 · Mangonel ×2
Match map
Initial resources + every placement click. Lines = walls · curves = elevation contours. ◆ gold · ⬟ stone · ● berries · ✦ relic · ◌ wall gap
Your base· Open — 7t gap
Thunder's base· Open — 8t gap
冷麵趁熱吃's base· Open — unwalled flank
yclin124's base· Open — 10t gap
pigpig_aoe's base· Open — 8t gap
changolango's base· Open — 4t gap
快樂 543's base· Open — unwalled flank
鱼儿长了鱼尾纹's base· Open — 4t gap
Smoothed initial terrain · ◌ = detected wall gap · hover for details
Inputs per minute
— TAG_Sitaux - - Thunder
Build order — TAG_Sitaux
First 150 of 767 actions detected
| 0:12 | Build | Town Center |
| 0:22 | Build | Dock |
| 0:23 | Build | House |
| 2:32 | Create | Villager (Male) |
| 2:32 | Create | Villager (Male) |
| 2:32 | Create | Villager (Male) |
| 2:33 | Create | Villager (Male) |
| 2:33 | Create | Villager (Male) |
| 2:34 | Create | Fishing Ship |
| 3:37 | Create | Villager (Male) |
| 3:37 | Create | Villager (Male) |
| 3:46 | Create | Fishing Ship |
| 3:46 | Create | Fishing Ship |
| 4:05 | Build | House |
| 4:37 | Create | Villager (Male) |
| 5:06 | Create | Villager (Male) |
| 5:12 | Create | Fishing Ship |
| 5:19 | Create | Villager (Male) |
| 5:24 | Build | House |
| 5:56 | Create | Fishing Ship |
| 6:01 | Create | Villager (Male) |
| 6:01 | Create | Villager (Male) |
| 6:22 | Build | House |
| 6:26 | Create | Villager (Male) |
| 6:26 | Create | Villager (Male) |
| 6:28 | Create | Fishing Ship |
| 6:41 | Research | Loom |
| 6:55 | Create | Villager (Male) |
| 6:55 | Create | Villager (Male) |
| 7:35 | Create | Villager (Male) |
| 7:43 | Create | Villager (Male) |
| 7:43 | Create | Villager (Male) |
| 7:55 | Build | Town Center |
| 8:35 | Create | Villager (Male) |
| 8:50 | Create | Villager (Male) |
| 8:50 | Create | Villager (Male) |
| 8:51 | Create | Villager (Male) |
| 9:40 | Create | Villager (Male) |
| 9:40 | Create | Villager (Male) |
| 10:04 | Create | Villager (Male) |
| 10:15 | Build | House |
| 10:17 | Create | Villager (Male) |
| 10:17 | Create | Villager (Male) |
| 10:53 | Create | Villager (Male) |
| 10:57 | Build | Lumber Camp |
| 11:18 | Build | House |
| 11:45 | Create | Villager (Male) |
| 11:46 | Create | Villager (Male) |
| 12:08 | Create | Villager (Male) |
| 12:35 | Build | House |
| 12:42 | Build | Palisade Wall |
| 12:47 | Create | Villager (Male) |
| 13:17 | Create | Villager (Male) |
| 13:20 | Create | Fishing Ship |
| 13:24 | Build | House |
| 13:28 | Create | Villager (Male) |
| 13:28 | Create | Villager (Male) |
| 14:15 | Create | Fishing Ship |
| 14:16 | Create | Villager (Male) |
| 14:42 | Create | Villager (Male) |
| 15:06 | Create | Villager (Male) |
| 15:12 | Build | House |
| 15:28 | Create | Villager (Male) |
| 15:57 | Build | Lumber Camp |
| 15:58 | Create | Villager (Male) |
| 16:10 | Create | Villager (Male) |
| 16:10 | Create | Villager (Male) |
| 16:30 | Build | House |
| 16:44 | Create | Villager (Male) |
| 16:55 | Create | Villager (Male) |
| 17:22 | Create | Fishing Ship |
| 17:37 | Build | Dock |
| 17:38 | Create | Villager (Male) |
| 18:18 | Create | Villager (Male) |
| 18:18 | Create | Villager (Male) |
| 18:28 | Build | House |
| 18:43 | Create | Fishing Ship |
| 18:43 | Create | Fishing Ship |
| 18:45 | Create | Fishing Ship |
| 18:48 | Create | Villager (Male) |
| 19:30 | Create | Fishing Ship |
| 19:30 | Create | Fishing Ship |
| 19:34 | Create | Fishing Ship |
| 19:52 | Build | Town Center |
| 20:05 | Build | House |
| 20:22 | Create | Villager (Male) |
| 20:22 | Create | Villager (Male) |
| 20:22 | Create | Villager (Male) |
| 20:23 | Create | Villager (Male) |
| 20:50 | Create | Villager (Male) |
| 20:52 | Build | Lumber Camp |
| 21:09 | Create | Villager (Male) |
| 21:11 | Create | Villager (Male) |
| 21:11 | Create | Villager (Male) |
| 21:17 | Build | Dock |
| 21:21 | Build | Mill |
| 21:24 | Create | Villager (Male) |
| 21:24 | Create | Villager (Male) |
| 21:28 | Build | Mining Camp |
| 21:54 | Build | Lumber Camp |
| 22:10 | Build | House |
| 22:15 | Build | Lumber Camp |
| 22:50 | Build | Mining Camp |
| 22:54 | Research | Feudal Age |
| 23:06 | Build | House |
| 23:08 | Build | Palisade Wall |
| 23:10 | Build | Outpost |
| 23:28 | Build | Palisade Wall |
| 23:31 | Build | Palisade Wall |
| 23:36 | Build | Palisade Wall |
| 23:41 | Build | Outpost |
| 23:54 | Create | Fishing Ship |
| 24:36 | Build | Outpost |
| 24:57 | Build | Mining Camp |
| 24:58 | Age | Feudal Age |
| 25:03 | Build | Market |
| 25:05 | Build | Blacksmith |
| 25:06 | Create | Villager (Male) |
| 25:09 | Build | House |
| 25:12 | Build | House |
| 25:35 | Research | Town Watch |
| 25:35 | Research | Town Watch |
| 25:43 | Build | Market |
| 26:07 | Build | Town Center |
| 26:12 | Research | Double-Bit Axe |
| 26:13 | Research | Tech 906 |
| 26:13 | Research | Tech 906 |
| 26:22 | Create | Fire Galley |
| 26:23 | Create | Fire Galley |
| 26:23 | Create | Fire Galley |
| 26:36 | Research | Castle Age |
| 26:36 | Research | Castle Age |
| 26:42 | Research | Gold Mining |
| 26:42 | Research | Gold Mining |
| 26:47 | Build | Outpost |
| 26:59 | Create | Fire Galley |
| 27:00 | Create | Fire Galley |
| 27:16 | Create | Fire Galley |
| 27:55 | Create | Fire Galley |
| 27:55 | Create | Fire Galley |
| 27:55 | Create | Fire Galley |
| 27:56 | Create | Fire Galley |
| 28:29 | Build | Dock |
| 28:31 | Create | Fire Galley |
| 28:31 | Create | Fire Galley |
| 28:53 | Build | Lumber Camp |
| 29:01 | Age | Castle Age |
| 29:04 | Create | Villager (Male) |
| 29:08 | Build | Siege Workshop |
| 29:11 | Research | Bow Saw |
Build order — Thunder
First 150 of 418 actions detected
| 0:17 | Build | Town Center |
| 0:27 | Build | Dock |
| 0:31 | Build | House |
| 1:57 | Build | Palisade Wall |
| 2:35 | Create | Villager (Male) |
| 2:35 | Create | Villager (Male) |
| 2:36 | Create | Villager (Male) |
| 2:37 | Create | Villager (Male) |
| 2:37 | Create | Villager (Male) |
| 3:19 | Build | House |
| 3:39 | Create | Villager (Male) |
| 3:39 | Create | Villager (Male) |
| 4:20 | Create | Fishing Ship |
| 4:20 | Create | Fishing Ship |
| 4:20 | Create | Fishing Ship |
| 4:37 | Create | Villager (Male) |
| 4:37 | Create | Villager (Male) |
| 5:04 | Research | Loom |
| 5:09 | Build | House |
| 5:11 | Create | Villager (Male) |
| 5:11 | Create | Villager (Male) |
| 5:50 | Create | Villager (Male) |
| 5:50 | Create | Villager (Male) |
| 5:51 | Create | Fishing Ship |
| 5:51 | Create | Fishing Ship |
| 6:13 | Create | Villager (Male) |
| 6:14 | Create | Villager (Male) |
| 6:17 | Build | House |
| 6:22 | Build | House |
| 6:38 | Create | Fishing Ship |
| 6:39 | Create | Fishing Ship |
| 6:53 | Create | Villager (Male) |
| 6:53 | Create | Villager (Male) |
| 6:58 | Build | House |
| 7:38 | Create | Villager (Male) |
| 7:39 | Create | Fishing Ship |
| 7:39 | Create | Fishing Ship |
| 7:40 | Create | Fishing Ship |
| 7:47 | Build | House |
| 7:54 | Create | Villager (Male) |
| 8:14 | Create | Villager (Male) |
| 8:14 | Create | Villager (Male) |
| 8:14 | Create | Villager (Male) |
| 8:14 | Create | Villager (Male) |
| 8:21 | Create | Fishing Ship |
| 8:21 | Create | Fishing Ship |
| 8:21 | Create | Fishing Ship |
| 8:34 | Create | Villager (Male) |
| 8:41 | Build | House |
| 9:05 | Create | Fishing Ship |
| 9:10 | Create | Villager (Male) |
| 9:22 | Build | House |
| 9:55 | Build | Mining Camp |
| 10:19 | Create | Villager (Male) |
| 10:39 | Research | Feudal Age |
| 10:48 | Build | Palisade Wall |
| 11:06 | Build | Palisade Wall |
| 11:20 | Build | Palisade Wall |
| 11:26 | Build | House |
| 11:33 | Build | Palisade Wall |
| 11:42 | Build | Barracks |
| 11:50 | Build | Palisade Wall |
| 12:04 | Create | Fishing Ship |
| 12:47 | Create | Villager (Male) |
| 12:54 | Age | Feudal Age |
| 12:59 | Build | Archery Range |
| 13:05 | Build | Blacksmith |
| 13:14 | Create | Villager (Male) |
| 13:53 | Research | Castle Age |
| 13:53 | Research | Castle Age |
| 14:16 | Create | Archer |
| 14:26 | Build | Archery Range |
| 14:28 | Create | Archer |
| 14:55 | Research | Fletching |
| 15:02 | Build | House |
| 15:33 | Create | Archer |
| 15:47 | Create | Archer |
| 16:18 | Create | Archer |
| 16:18 | Create | Archer |
| 16:20 | Create | Archer |
| 16:20 | Create | Archer |
| 16:33 | Age | Castle Age |
| 16:35 | Build | House |
| 16:38 | Research | Crossbowman (upgrade) |
| 16:39 | Research | Crossbowman (upgrade) |
| 16:52 | Research | Bodkin Arrow |
| 17:03 | Create | Villager (Male) |
| 17:09 | Build | Siege Workshop |
| 17:27 | Create | Archer |
| 17:27 | Create | Archer |
| 17:29 | Create | Villager (Male) |
| 17:30 | Create | Villager (Male) |
| 17:44 | Create | Archer |
| 18:07 | Create | Battering Ram |
| 18:08 | Create | Battering Ram |
| 18:09 | Create | Villager (Male) |
| 18:09 | Create | Villager (Male) |
| 18:20 | Create | Archer |
| 18:20 | Create | Archer |
| 18:26 | Create | Villager (Male) |
| 18:34 | Create | Archer |
| 18:34 | Create | Archer |
| 18:34 | Create | Archer |
| 18:43 | Create | Villager (Male) |
| 18:44 | Create | Villager (Male) |
| 18:47 | Create | Villager (Male) |
| 19:01 | Create | Battering Ram |
| 19:03 | Create | Villager (Male) |
| 19:22 | Create | Villager (Male) |
| 19:22 | Create | Villager (Male) |
| 19:30 | Create | Villager (Male) |
| 19:31 | Create | Villager (Male) |
| 19:32 | Create | Archer |
| 19:33 | Create | Archer |
| 19:34 | Create | Archer |
| 19:34 | Create | Archer |
| 19:51 | Build | House |
| 19:55 | Create | Archer |
| 19:56 | Create | Archer |
| 20:20 | Create | Villager (Male) |
| 20:20 | Create | Villager (Male) |
| 20:25 | Create | Villager (Male) |
| 20:25 | Create | Villager (Male) |
| 20:29 | Create | Archer |
| 20:30 | Create | Archer |
| 20:54 | Build | House |
| 20:55 | Build | House |
| 20:56 | Create | Archer |
| 21:02 | Create | Battering Ram |
| 21:03 | Create | Battering Ram |
| 21:06 | Build | House |
| 21:29 | Create | Archer |
| 21:59 | Build | House |
| 22:21 | Create | Archer |
| 22:21 | Create | Archer |
| 22:22 | Create | Archer |
| 22:22 | Create | Archer |
| 22:39 | Create | Villager (Male) |
| 22:41 | Create | Archer |
| 22:41 | Create | Archer |
| 22:52 | Create | Archer |
| 22:52 | Create | Archer |
| 23:07 | Create | Archer |
| 23:17 | Create | Archer |
| 23:19 | Create | Villager (Male) |
| 23:31 | Build | House |
| 23:53 | Create | Villager (Male) |
| 23:55 | Create | Fire Lancer |
| 23:55 | Create | Fire Lancer |
| 23:56 | Create | Fire Lancer |
Build order — 冷麵趁熱吃
144 actions detected in the replay
| 0:27 | Build | Town Center |
| 1:35 | Build | Dock |
| 1:37 | Build | House |
| 2:42 | Create | Villager (Male) |
| 2:42 | Create | Villager (Male) |
| 2:42 | Create | Villager (Male) |
| 2:43 | Create | Villager (Male) |
| 2:43 | Create | Villager (Male) |
| 2:52 | Create | Fishing Ship |
| 2:52 | Create | Fishing Ship |
| 4:00 | Create | Fishing Ship |
| 4:01 | Create | Fishing Ship |
| 4:27 | Build | House |
| 4:33 | Research | Loom |
| 4:44 | Create | Villager (Male) |
| 4:44 | Create | Villager (Male) |
| 5:02 | Create | Fishing Ship |
| 5:29 | Create | Villager (Male) |
| 5:29 | Create | Villager (Male) |
| 5:33 | Create | Fishing Ship |
| 6:08 | Build | House |
| 6:20 | Create | Villager (Male) |
| 6:20 | Create | Villager (Male) |
| 6:55 | Create | Villager (Male) |
| 6:55 | Create | Villager (Male) |
| 7:18 | Create | Villager (Male) |
| 7:19 | Create | Villager (Male) |
| 7:44 | Create | Villager (Male) |
| 7:44 | Create | Villager (Male) |
| 8:21 | Build | Town Center |
| 8:27 | Build | Lumber Camp |
| 9:09 | Create | Villager (Male) |
| 9:09 | Create | Villager (Male) |
| 9:17 | Build | House |
| 9:23 | Create | Villager (Male) |
| 9:23 | Create | Villager (Male) |
| 9:37 | Create | Villager (Male) |
| 9:37 | Create | Villager (Male) |
| 10:20 | Create | Villager (Male) |
| 10:21 | Create | Villager (Male) |
| 10:59 | Create | Villager (Male) |
| 11:00 | Create | Villager (Male) |
| 11:38 | Create | Villager (Male) |
| 11:38 | Create | Villager (Male) |
| 12:52 | Build | Palisade Gate |
| 13:17 | Create | Villager (Male) |
| 13:52 | Create | Villager (Male) |
| 13:53 | Create | Villager (Male) |
| 13:56 | Build | House |
| 14:56 | Create | Villager (Male) |
| 14:56 | Create | Villager (Male) |
| 15:19 | Create | Fishing Ship |
| 15:20 | Create | Fishing Ship |
| 15:20 | Create | Fishing Ship |
| 15:22 | Create | Villager (Male) |
| 15:22 | Create | Villager (Male) |
| 16:15 | Build | House |
| 16:33 | Create | Villager (Male) |
| 16:33 | Create | Villager (Male) |
| 17:17 | Create | Villager (Male) |
| 17:18 | Create | Villager (Male) |
| 18:01 | Create | Villager (Male) |
| 18:02 | Create | Villager (Male) |
| 18:40 | Create | Villager (Male) |
| 18:40 | Create | Villager (Male) |
| 19:14 | Create | Villager (Male) |
| 21:10 | Create | Villager (Male) |
| 21:10 | Create | Villager (Male) |
| 21:20 | Create | Villager (Male) |
| 21:20 | Create | Villager (Male) |
| 21:37 | Build | Town Center |
| 21:48 | Build | Palisade Gate |
| 22:02 | Build | House |
| 22:27 | Create | Villager (Male) |
| 22:27 | Create | Villager (Male) |
| 22:27 | Create | Villager (Male) |
| 22:28 | Create | Villager (Male) |
| 22:39 | Build | Palisade Wall |
| 23:15 | Build | Palisade Wall |
| 23:16 | Create | Villager (Male) |
| 23:17 | Create | Villager (Male) |
| 23:43 | Build | Palisade Wall |
| 24:13 | Create | Villager (Male) |
| 24:13 | Create | Villager (Male) |
| 24:45 | Build | House |
| 24:58 | Create | Villager (Male) |
| 24:58 | Create | Villager (Male) |
| 25:12 | Build | Palisade Gate |
| 25:22 | Build | Palisade Wall |
| 25:23 | Build | Palisade Wall |
| 25:27 | Build | Palisade Wall |
| 25:30 | Build | Palisade Wall |
| 25:35 | Build | Palisade Wall |
| 25:44 | Build | House |
| 25:45 | Create | Villager (Male) |
| 25:46 | Create | Villager (Male) |
| 26:34 | Build | Palisade Gate |
| 26:36 | Create | Villager (Male) |
| 26:37 | Create | Villager (Male) |
| 26:44 | Build | Mill |
| 27:13 | Create | Villager (Male) |
| 27:13 | Create | Villager (Male) |
| 27:16 | Build | House |
| 28:33 | Build | Palisade Gate |
| 28:40 | Build | Palisade Gate |
| 29:14 | Build | Mining Camp |
| 29:58 | Create | Villager (Male) |
| 31:05 | Create | Villager (Male) |
| 31:06 | Create | Villager (Male) |
| 32:44 | Build | Palisade Gate |
| 32:54 | Build | Palisade Gate |
| 35:46 | Build | Town Center |
| 38:05 | Build | House |
| 41:12 | Create | Villager (Male) |
| 41:12 | Create | Villager (Male) |
| 41:12 | Create | Villager (Male) |
| 42:37 | Create | Villager (Male) |
| 42:37 | Create | Villager (Male) |
| 42:38 | Create | Villager (Male) |
| 42:38 | Create | Villager (Male) |
| 44:06 | Create | Villager (Male) |
| 44:25 | Create | Villager (Male) |
| 44:25 | Create | Villager (Male) |
| 45:37 | Build | Mill |
| 46:46 | Create | Villager (Male) |
| 46:46 | Create | Villager (Male) |
| 47:39 | Create | Villager (Male) |
| 47:41 | Create | Villager (Male) |
| 48:02 | Create | Villager (Male) |
| 48:10 | Create | Villager (Male) |
| 48:11 | Create | Villager (Male) |
| 49:26 | Create | Villager (Male) |
| 49:27 | Create | Villager (Male) |
| 50:01 | Create | Villager (Male) |
| 50:01 | Create | Villager (Male) |
| 50:01 | Create | Villager (Male) |
| 50:05 | Build | Palisade Wall |
| 50:15 | Build | Palisade Wall |
| 50:17 | Build | Palisade Wall |
| 50:19 | Build | Palisade Wall |
| 50:29 | Build | Palisade Wall |
| 50:32 | Build | Palisade Wall |
| 50:35 | Build | Palisade Wall |
| 52:45 | Build | Palisade Gate |
Build order — yclin124
First 150 of 698 actions detected
| 0:04 | Build | Town Center |
| 0:58 | Build | Dock |
| 1:42 | Build | Palisade Wall |
| 2:16 | Build | House |
| 2:27 | Create | Villager (Male) |
| 2:27 | Create | Villager (Male) |
| 2:27 | Create | Villager (Male) |
| 2:28 | Create | Villager (Male) |
| 2:28 | Create | Villager (Male) |
| 3:29 | Create | Fishing Ship |
| 3:29 | Create | Fishing Ship |
| 4:14 | Research | Loom |
| 4:14 | Research | Loom |
| 4:20 | Build | House |
| 4:23 | Create | Villager (Male) |
| 4:23 | Create | Villager (Male) |
| 4:50 | Create | Villager (Male) |
| 4:51 | Create | Villager (Male) |
| 5:08 | Create | Fishing Ship |
| 5:09 | Create | Fishing Ship |
| 5:23 | Create | Villager (Male) |
| 5:24 | Create | Villager (Male) |
| 5:48 | Create | Villager (Male) |
| 5:48 | Create | Villager (Male) |
| 5:58 | Create | Fishing Ship |
| 6:06 | Create | Villager (Male) |
| 6:10 | Build | House |
| 6:35 | Create | Villager (Male) |
| 6:35 | Create | Villager (Male) |
| 6:47 | Create | Villager (Male) |
| 7:02 | Create | Villager (Male) |
| 7:04 | Create | Fishing Ship |
| 7:05 | Create | Fishing Ship |
| 7:27 | Create | Villager (Male) |
| 7:28 | Create | Villager (Male) |
| 7:41 | Build | House |
| 8:02 | Create | Fishing Ship |
| 8:02 | Create | Fishing Ship |
| 8:07 | Create | Villager (Male) |
| 8:07 | Create | Villager (Male) |
| 8:36 | Create | Villager (Male) |
| 8:36 | Create | Villager (Male) |
| 8:44 | Build | Palisade Wall |
| 8:46 | Create | Villager (Male) |
| 8:58 | Build | Palisade Wall |
| 9:10 | Create | Fishing Ship |
| 9:10 | Create | Fishing Ship |
| 9:43 | Build | House |
| 9:53 | Build | Mill |
| 10:10 | Build | House |
| 10:48 | Research | Feudal Age |
| 10:48 | Research | Feudal Age |
| 10:59 | Build | Mining Camp |
| 11:29 | Create | Villager (Male) |
| 11:30 | Create | Villager (Male) |
| 12:29 | Create | Villager (Male) |
| 12:30 | Create | Villager (Male) |
| 12:58 | Age | Feudal Age |
| 13:03 | Create | Unit 2626 |
| 13:20 | Build | Market |
| 13:26 | Build | Blacksmith |
| 13:48 | Build | Lumber Camp |
| 13:53 | Create | Villager (Male) |
| 14:28 | Research | Castle Age |
| 14:28 | Research | Castle Age |
| 14:33 | Research | Double-Bit Axe |
| 14:34 | Research | Double-Bit Axe |
| 14:34 | Research | Double-Bit Axe |
| 14:48 | Research | Tech 906 |
| 14:48 | Research | Tech 906 |
| 15:11 | Create | Fire Galley |
| 15:41 | Create | Fire Galley |
| 15:55 | Build | House |
| 15:56 | Build | House |
| 16:28 | Build | Dock |
| 16:39 | Research | Gold Mining |
| 16:39 | Research | Gold Mining |
| 16:41 | Create | Villager (Male) |
| 17:08 | Age | Castle Age |
| 17:16 | Research | War Galley (upgrade) |
| 17:16 | Research | War Galley (upgrade) |
| 17:18 | Create | Villager (Male) |
| 17:34 | Build | House |
| 17:35 | Build | House |
| 17:52 | Create | Villager (Male) |
| 17:52 | Create | Villager (Male) |
| 18:03 | Create | Fire Galley |
| 18:03 | Create | Fire Galley |
| 18:23 | Create | Villager (Male) |
| 18:29 | Build | Town Center |
| 18:53 | Create | Fire Galley |
| 18:59 | Create | Villager (Male) |
| 19:00 | Create | Villager (Male) |
| 19:03 | Create | Villager (Male) |
| 19:03 | Create | Villager (Male) |
| 19:04 | Create | Villager (Male) |
| 19:19 | Create | Villager (Male) |
| 19:28 | Build | Lumber Camp |
| 19:31 | Build | House |
| 19:32 | Build | House |
| 20:09 | Create | Villager (Male) |
| 20:10 | Create | Villager (Male) |
| 20:10 | Create | Villager (Male) |
| 20:19 | Create | Villager (Male) |
| 20:20 | Create | Villager (Male) |
| 20:24 | Research | Bow Saw |
| 20:25 | Research | Bow Saw |
| 20:27 | Research | Horse Collar |
| 20:29 | Research | Stone Mining |
| 20:29 | Research | Stone Mining |
| 20:29 | Research | Stone Mining |
| 21:06 | Create | Unit 2626 ×2 |
| 21:09 | Create | Villager (Male) |
| 21:10 | Create | Villager (Male) |
| 21:10 | Create | Villager (Male) |
| 21:23 | Build | Town Center |
| 21:27 | Create | Villager (Male) |
| 21:50 | Build | House |
| 21:53 | Build | House |
| 22:17 | Create | Villager (Male) |
| 22:17 | Create | Villager (Male) |
| 22:18 | Create | Villager (Male) |
| 22:18 | Create | Villager (Male) |
| 22:25 | Build | House |
| 22:37 | Create | Villager (Male) |
| 22:37 | Create | Villager (Male) |
| 22:37 | Create | Villager (Male) |
| 22:43 | Build | Mining Camp |
| 23:00 | Create | Villager (Male) |
| 23:00 | Create | Villager (Male) |
| 23:00 | Create | Villager (Male) |
| 23:05 | Build | House |
| 23:12 | Create | Villager (Male) |
| 23:13 | Create | Villager (Male) |
| 23:13 | Create | Villager (Male) |
| 23:16 | Build | Monastery |
| 23:24 | Create | Villager (Male) |
| 23:25 | Create | Villager (Male) |
| 23:26 | Build | Farm |
| 23:27 | Build | Farm |
| 23:33 | Build | Farm |
| 23:38 | Research | Heavy Plow |
| 23:38 | Research | Heavy Plow |
| 23:39 | Research | Heavy Plow |
| 23:47 | Build | Farm |
| 23:51 | Build | Farm |
| 23:51 | Build | Farm |
| 23:55 | Create | Monk |
| 23:57 | Create | Villager (Male) |
| 23:57 | Create | Villager (Male) |
Build order — pigpig_aoe
First 150 of 893 actions detected
| 0:08 | Build | Town Center |
| 1:29 | Build | Dock |
| 1:57 | Build | Palisade Wall |
| 1:58 | Build | Palisade Wall |
| 1:59 | Build | Palisade Wall |
| 2:31 | Create | Villager (Male) |
| 2:31 | Create | Villager (Male) |
| 2:31 | Create | Villager (Male) |
| 2:31 | Create | Villager (Male) |
| 2:32 | Create | Villager (Male) |
| 2:33 | Build | House |
| 4:01 | Build | House |
| 4:13 | Create | Villager (Male) |
| 4:13 | Create | Villager (Male) |
| 4:15 | Create | Fishing Ship |
| 5:00 | Research | Loom |
| 5:00 | Create | Fishing Ship |
| 5:34 | Create | Villager (Male) |
| 5:45 | Create | Fishing Ship |
| 6:03 | Create | Villager (Male) |
| 6:06 | Build | House |
| 6:26 | Create | Fishing Ship |
| 6:34 | Create | Villager (Male) |
| 7:02 | Create | Villager (Male) |
| 7:03 | Create | Villager (Male) |
| 7:04 | Create | Fishing Ship |
| 7:26 | Create | Villager (Male) |
| 7:31 | Create | Fishing Ship |
| 7:42 | Create | Villager (Male) |
| 7:44 | Create | Villager (Male) |
| 7:44 | Create | Villager (Male) |
| 7:46 | Build | House |
| 8:15 | Create | Fishing Ship |
| 8:22 | Create | Villager (Male) |
| 8:28 | Create | Villager (Male) |
| 8:29 | Create | Villager (Male) |
| 8:46 | Build | House |
| 9:01 | Create | Villager (Male) |
| 9:22 | Build | Mill |
| 9:52 | Create | Villager (Male) |
| 10:13 | Create | Villager (Male) |
| 10:29 | Build | House |
| 10:38 | Build | House |
| 11:01 | Build | Mining Camp |
| 11:03 | Research | Feudal Age |
| 12:19 | Build | Dock |
| 13:00 | Create | Villager (Male) |
| 13:22 | Age | Feudal Age |
| 13:27 | Create | Galley |
| 13:27 | Create | Galley |
| 13:27 | Create | Villager (Male) |
| 13:43 | Build | Lumber Camp |
| 14:14 | Create | Villager (Male) |
| 14:14 | Research | Horse Collar |
| 14:15 | Research | Double-Bit Axe |
| 14:15 | Create | Villager (Male) |
| 14:35 | Create | Villager (Male) |
| 14:55 | Create | Demolition Raft |
| 14:56 | Create | Galley |
| 14:57 | Create | Galley |
| 15:04 | Create | Galley |
| 15:22 | Create | Villager (Male) |
| 15:43 | Create | Villager (Male) |
| 15:48 | Build | House |
| 16:08 | Create | Galley |
| 16:08 | Create | Galley |
| 16:09 | Create | Villager (Male) |
| 16:11 | Create | Galley |
| 16:14 | Build | House |
| 16:21 | Create | Villager (Male) |
| 16:37 | Build | House |
| 16:59 | Create | Villager (Male) |
| 17:13 | Build | Blacksmith |
| 17:16 | Create | Villager (Male) |
| 17:19 | Build | House |
| 17:20 | Build | House |
| 17:40 | Create | Villager (Male) |
| 17:47 | Build | Market |
| 18:28 | Research | Castle Age |
| 18:28 | Research | Castle Age |
| 18:48 | Create | Unit 2626 |
| 18:49 | Create | Unit 2626 |
| 18:54 | Research | Fletching |
| 19:10 | Create | Villager (Male) |
| 19:21 | Research | Gold Mining |
| 19:47 | Create | Unit 2626 |
| 19:49 | Create | Unit 2626 |
| 19:53 | Build | House |
| 19:54 | Build | House |
| 20:03 | Create | Villager (Male) |
| 20:08 | Create | Villager (Male) |
| 20:15 | Create | Unit 2626 |
| 20:15 | Create | Unit 2626 |
| 20:47 | Create | Unit 2626 |
| 20:48 | Create | Unit 2626 |
| 20:48 | Create | Villager (Male) |
| 21:08 | Age | Castle Age |
| 21:11 | Research | War Galley (upgrade) |
| 21:11 | Research | War Galley (upgrade) |
| 21:13 | Research | Bodkin Arrow |
| 21:30 | Create | Villager (Male) |
| 21:50 | Create | Villager (Male) |
| 21:54 | Build | Town Center |
| 22:00 | Build | Town Center |
| 22:02 | Research | Double-Bit Axe |
| 22:08 | Research | Heavy Plow |
| 22:09 | Research | Gold Shaft Mining |
| 22:22 | Create | Unit 2626 |
| 22:22 | Create | Unit 2626 |
| 22:36 | Create | Villager (Male) |
| 22:36 | Create | Villager (Male) |
| 22:39 | Build | Farm |
| 23:05 | Build | Farm |
| 23:05 | Build | Farm |
| 23:06 | Create | Villager (Male) |
| 23:06 | Create | Villager (Male) |
| 23:31 | Build | House |
| 23:31 | Build | House |
| 23:32 | Build | House |
| 23:32 | Create | Villager (Male) |
| 23:34 | Create | Villager (Male) |
| 23:36 | Create | Villager (Male) |
| 23:41 | Create | Villager (Male) |
| 23:42 | Create | Villager (Male) |
| 23:43 | Research | Town Watch |
| 23:47 | Build | Farm |
| 23:48 | Build | Farm |
| 24:05 | Create | Villager (Male) |
| 24:05 | Create | Villager (Male) |
| 24:10 | Build | Town Center |
| 24:20 | Build | Farm |
| 24:20 | Build | Farm |
| 24:24 | Research | Bow Saw |
| 24:25 | Create | Villager (Male) |
| 24:36 | Build | Farm |
| 24:37 | Build | Farm |
| 24:40 | Build | Farm |
| 24:41 | Create | Villager (Male) |
| 24:41 | Create | Villager (Male) |
| 25:04 | Create | Villager (Male) |
| 25:04 | Create | Villager (Male) |
| 25:07 | Build | Farm |
| 25:08 | Build | Farm |
| 25:13 | Build | House |
| 25:13 | Build | House |
| 25:15 | Create | Villager (Male) |
| 25:18 | Build | Farm |
| 25:22 | Build | Farm |
| 25:22 | Create | Villager (Male) |
| 25:32 | Build | Farm |
Build order — changolango
First 150 of 456 actions detected
| 0:27 | Build | Town Center |
| 1:11 | Build | House |
| 2:56 | Build | Dock |
| 2:58 | Create | Villager (Male) |
| 2:59 | Create | Villager (Male) |
| 2:59 | Create | Villager (Male) |
| 2:59 | Create | Villager (Male) |
| 2:59 | Create | Villager (Male) |
| 4:37 | Research | Loom |
| 4:40 | Create | Villager (Male) |
| 4:41 | Create | Villager (Male) |
| 5:13 | Build | House |
| 5:35 | Create | Fishing Ship |
| 5:35 | Create | Fishing Ship |
| 6:08 | Create | Villager (Male) |
| 6:08 | Create | Villager (Male) |
| 6:19 | Create | Villager (Male) |
| 6:19 | Create | Villager (Male) |
| 6:44 | Create | Villager (Male) |
| 6:45 | Create | Villager (Male) |
| 6:45 | Create | Villager (Male) |
| 7:02 | Create | Fishing Ship |
| 7:02 | Create | Fishing Ship |
| 7:08 | Create | Villager (Male) |
| 7:08 | Create | Villager (Male) |
| 7:45 | Create | Villager (Male) |
| 7:45 | Create | Villager (Male) |
| 7:55 | Build | House |
| 8:10 | Create | Villager (Male) |
| 8:10 | Create | Villager (Male) |
| 8:10 | Create | Villager (Male) |
| 8:11 | Create | Villager (Male) |
| 8:18 | Build | House |
| 8:20 | Create | Villager (Male) |
| 8:20 | Create | Villager (Male) |
| 8:23 | Create | Villager (Male) |
| 8:23 | Create | Villager (Male) |
| 9:04 | Create | Fishing Ship |
| 9:04 | Create | Fishing Ship |
| 9:22 | Create | Villager (Male) |
| 9:22 | Create | Villager (Male) |
| 9:39 | Create | Villager (Male) |
| 9:39 | Create | Villager (Male) |
| 9:39 | Create | Villager (Male) |
| 10:30 | Build | Lumber Camp |
| 10:39 | Create | Villager (Male) |
| 11:17 | Build | Mining Camp |
| 11:51 | Research | Feudal Age |
| 12:28 | Build | Barracks |
| 12:32 | Build | House |
| 14:01 | Age | Feudal Age |
| 14:04 | Build | Stable |
| 14:08 | Build | Blacksmith |
| 14:15 | Build | Palisade Wall |
| 14:17 | Create | Villager (Male) |
| 14:18 | Create | Villager (Male) |
| 14:39 | Create | Fishing Ship |
| 15:02 | Build | House |
| 15:13 | Create | Fishing Ship |
| 15:22 | Build | Palisade Wall |
| 15:24 | Build | Palisade Wall |
| 15:31 | Research | Castle Age |
| 15:31 | Research | Castle Age |
| 15:36 | Build | Palisade Gate |
| 15:44 | Build | Palisade Wall |
| 16:16 | Research | Bloodlines |
| 16:23 | Create | Fishing Ship |
| 16:32 | Research | Double-Bit Axe |
| 17:03 | Build | Palisade Wall |
| 17:09 | Build | Mill |
| 17:16 | Create | Fishing Ship |
| 17:34 | Build | House |
| 17:46 | Research | Scale Barding Armor |
| 18:01 | Build | Stable |
| 18:07 | Create | Fishing Ship |
| 18:11 | Age | Castle Age |
| 18:19 | Create | Villager (Male) |
| 18:20 | Research | Husbandry |
| 18:22 | Create | Knight |
| 18:34 | Create | Villager (Male) |
| 18:35 | Create | Villager (Male) |
| 18:51 | Create | Villager (Male) |
| 19:45 | Create | Knight |
| 20:09 | Build | Town Center |
| 20:30 | Build | Market |
| 20:35 | Create | Villager (Male) |
| 20:35 | Create | Villager (Male) |
| 20:35 | Create | Villager (Male) |
| 20:39 | Create | Knight ×2 |
| 20:39 | Create | Knight ×2 |
| 20:59 | Create | Knight |
| 21:00 | Create | Villager (Male) |
| 21:33 | Create | Villager (Male) |
| 21:44 | Create | Unit 2626 ×4 |
| 21:50 | Create | Fire Galley ×3 |
| 21:55 | Build | Farm |
| 22:07 | Create | Villager (Male) |
| 22:07 | Create | Villager (Male) |
| 22:25 | Create | Knight |
| 22:30 | Create | Villager (Male) |
| 22:30 | Create | Villager (Male) |
| 23:16 | Create | Villager (Male) |
| 23:17 | Create | Villager (Male) |
| 23:22 | Build | Farm |
| 23:22 | Build | Farm |
| 23:22 | Build | Farm |
| 23:23 | Build | Farm |
| 23:23 | Build | Farm |
| 23:44 | Create | Knight ×3 |
| 23:44 | Create | Knight ×3 |
| 23:46 | Create | Villager (Male) |
| 23:46 | Create | Villager (Male) |
| 23:52 | Build | House |
| 23:53 | Create | Villager (Male) |
| 23:54 | Create | Villager (Male) |
| 24:48 | Create | Knight |
| 24:48 | Create | Villager (Male) |
| 25:13 | Create | Villager (Male) |
| 25:14 | Create | Villager (Male) |
| 25:14 | Create | Villager (Male) |
| 25:14 | Create | Villager (Male) |
| 25:20 | Build | House |
| 25:21 | Build | House |
| 25:22 | Build | House |
| 25:24 | Create | Villager (Male) |
| 25:26 | Build | Farm |
| 25:27 | Build | Farm |
| 25:30 | Research | Horse Collar |
| 26:06 | Create | Villager (Male) |
| 26:06 | Create | Villager (Male) |
| 26:06 | Create | Villager (Male) |
| 26:09 | Build | Lumber Camp |
| 26:11 | Build | Farm |
| 26:23 | Build | Farm |
| 26:25 | Build | Farm |
| 26:26 | Create | Villager (Male) |
| 26:45 | Create | Fire Galley |
| 27:10 | Build | Palisade Gate |
| 27:13 | Create | Villager (Male) |
| 27:13 | Create | Villager (Male) |
| 27:31 | Create | Knight ×3 |
| 27:31 | Create | Knight ×3 |
| 27:59 | Create | Knight ×3 |
| 28:00 | Create | Knight ×3 |
| 28:00 | Create | Villager (Male) |
| 28:01 | Create | Villager (Male) |
| 28:01 | Create | Villager (Male) |
| 29:06 | Create | Villager (Male) |
| 29:06 | Create | Villager (Male) |
| 29:06 | Create | Villager (Male) |
Build order — 快樂 543
First 150 of 207 actions detected
| 0:23 | Build | Town Center |
| 0:36 | Build | Dock |
| 0:37 | Build | House |
| 2:44 | Create | Villager (Male) |
| 2:45 | Create | Villager (Male) |
| 2:50 | Create | Villager (Male) |
| 2:50 | Create | Villager (Male) |
| 2:50 | Create | Villager (Male) |
| 3:49 | Create | Villager (Male) |
| 3:49 | Create | Villager (Male) |
| 4:30 | Create | Fishing Ship |
| 4:30 | Create | Fishing Ship |
| 4:42 | Create | Villager (Male) |
| 4:42 | Create | Villager (Male) |
| 4:42 | Research | Loom |
| 5:14 | Create | Villager (Male) |
| 5:14 | Create | Villager (Male) |
| 5:19 | Build | House |
| 5:56 | Build | House |
| 6:08 | Create | Villager (Male) |
| 6:08 | Create | Villager (Male) |
| 6:09 | Create | Villager (Male) |
| 6:09 | Create | Villager (Male) |
| 6:31 | Create | Fishing Ship |
| 6:32 | Create | Fishing Ship |
| 6:48 | Create | Villager (Male) |
| 6:48 | Create | Villager (Male) |
| 7:08 | Create | Fishing Ship |
| 7:08 | Create | Fishing Ship |
| 7:33 | Create | Villager (Male) |
| 7:33 | Create | Villager (Male) |
| 7:46 | Create | Villager (Male) |
| 7:46 | Create | Villager (Male) |
| 7:46 | Create | Villager (Male) |
| 9:10 | Build | Lumber Camp |
| 9:37 | Build | House |
| 9:58 | Create | Villager (Male) |
| 9:58 | Create | Villager (Male) |
| 9:58 | Create | Villager (Male) |
| 9:58 | Create | Villager (Male) |
| 10:12 | Build | House |
| 10:51 | Create | Villager (Male) |
| 10:51 | Create | Villager (Male) |
| 10:51 | Create | Villager (Male) |
| 10:57 | Build | House |
| 10:59 | Build | House |
| 11:10 | Create | Villager (Male) |
| 11:10 | Create | Villager (Male) |
| 11:10 | Create | Villager (Male) |
| 11:22 | Research | Feudal Age |
| 12:28 | Build | Mining Camp |
| 13:44 | Create | Villager (Male) |
| 13:44 | Create | Villager (Male) |
| 13:47 | Age | Feudal Age |
| 14:09 | Build | Palisade Gate |
| 14:11 | Build | House |
| 14:28 | Create | Villager (Male) |
| 14:29 | Create | Villager (Male) |
| 14:30 | Create | Villager (Male) |
| 14:31 | Create | Villager (Male) |
| 14:46 | Build | House |
| 15:07 | Build | House |
| 15:26 | Build | Mining Camp |
| 15:46 | Build | Palisade Wall |
| 16:10 | Build | Mill |
| 16:20 | Create | Villager (Male) |
| 16:30 | Create | Fishing Ship |
| 16:45 | Build | House |
| 17:07 | Create | Villager (Male) |
| 17:08 | Create | Villager (Male) |
| 17:08 | Create | Villager (Male) |
| 17:08 | Create | Villager (Male) |
| 17:27 | Build | Watch Tower |
| 18:09 | Build | Blacksmith |
| 18:33 | Create | Villager (Male) |
| 18:43 | Build | House |
| 18:45 | Research | Fletching |
| 19:13 | Build | House |
| 19:33 | Build | Market |
| 19:46 | Create | Villager (Male) |
| 19:47 | Create | Villager (Male) |
| 20:22 | Create | Villager (Male) |
| 20:50 | Build | Farm |
| 21:02 | Build | Farm |
| 21:03 | Build | Farm |
| 21:04 | Build | Farm |
| 21:08 | Create | Villager (Male) |
| 21:29 | Build | Farm |
| 21:47 | Research | Castle Age |
| 21:47 | Research | Castle Age |
| 21:52 | Build | Lumber Camp |
| 21:56 | Build | Farm |
| 22:00 | Build | Farm |
| 22:03 | Build | Farm |
| 23:05 | Build | House |
| 23:10 | Build | House |
| 23:12 | Build | House |
| 23:17 | Build | Palisade Gate |
| 23:40 | Research | Double-Bit Axe |
| 23:40 | Research | Double-Bit Axe |
| 24:27 | Age | Castle Age |
| 24:36 | Build | Castle |
| 25:11 | Build | House |
| 25:18 | Create | Villager (Male) |
| 25:19 | Create | Villager (Male) |
| 25:19 | Create | Villager (Male) |
| 25:19 | Create | Villager (Male) |
| 26:06 | Create | War Wagon |
| 26:06 | Create | War Wagon |
| 26:06 | Create | War Wagon |
| 26:07 | Create | War Wagon |
| 26:40 | Create | Villager (Male) |
| 26:40 | Create | Villager (Male) |
| 26:49 | Create | Villager (Male) |
| 26:49 | Create | Villager (Male) |
| 27:14 | Create | War Wagon |
| 27:15 | Create | Villager (Male) |
| 27:16 | Create | Villager (Male) |
| 27:23 | Build | House |
| 27:50 | Create | War Wagon |
| 27:50 | Create | War Wagon |
| 28:05 | Create | Villager (Male) |
| 28:08 | Build | Farm |
| 28:26 | Create | War Wagon |
| 28:33 | Create | Villager (Male) |
| 28:49 | Create | War Wagon |
| 28:49 | Create | War Wagon |
| 29:15 | Research | Bodkin Arrow |
| 29:17 | Create | Villager (Male) |
| 29:17 | Create | Villager (Male) |
| 29:49 | Create | War Wagon |
| 29:49 | Create | War Wagon |
| 30:17 | Create | War Wagon |
| 30:18 | Create | War Wagon |
| 30:19 | Create | Villager (Male) |
| 30:19 | Create | Villager (Male) |
| 30:19 | Create | Villager (Male) |
| 30:20 | Create | Villager (Male) |
| 30:22 | Research | Town Watch |
| 30:27 | Build | University |
| 30:30 | Create | Villager (Male) |
| 30:30 | Create | Villager (Male) |
| 30:31 | Create | Villager (Male) |
| 31:05 | Create | War Wagon |
| 31:06 | Create | War Wagon |
| 31:06 | Create | War Wagon |
| 31:55 | Create | War Wagon |
| 31:56 | Create | War Wagon |
| 31:57 | Create | Villager (Male) |
| 31:57 | Create | Villager (Male) |
Build order — 鱼儿长了鱼尾纹
First 150 of 310 actions detected
| 0:03 | Build | Town Center |
| 0:17 | Build | House |
| 1:05 | Build | Dock |
| 2:32 | Create | Villager (Male) |
| 2:32 | Create | Villager (Male) |
| 2:32 | Create | Villager (Male) |
| 2:33 | Create | Villager (Male) |
| 3:34 | Create | Fishing Ship |
| 3:39 | Create | Villager (Male) |
| 4:28 | Build | House |
| 4:30 | Build | House |
| 4:34 | Research | Loom |
| 5:08 | Create | Fishing Ship |
| 5:40 | Create | Fishing Ship |
| 5:41 | Create | Villager (Male) |
| 6:10 | Create | Fishing Ship |
| 6:35 | Create | Villager (Male) |
| 6:36 | Create | Fishing Ship |
| 7:08 | Create | Fishing Ship |
| 7:18 | Create | Villager (Male) |
| 7:48 | Create | Villager (Male) |
| 7:48 | Create | Villager (Male) |
| 8:05 | Build | House |
| 8:08 | Create | Villager (Male) |
| 8:20 | Create | Fishing Ship |
| 8:24 | Build | Mill |
| 8:43 | Create | Villager (Male) |
| 9:04 | Build | Mining Camp |
| 9:10 | Create | Villager (Male) |
| 9:30 | Create | Villager (Male) |
| 9:38 | Build | House |
| 9:41 | Build | House |
| 10:00 | Create | Villager (Male) |
| 10:07 | Build | Mining Camp |
| 10:17 | Create | Villager (Male) |
| 10:18 | Create | Villager (Male) |
| 11:13 | Create | Villager (Male) |
| 11:26 | Build | Palisade Wall |
| 11:39 | Build | Dock |
| 11:54 | Research | Feudal Age |
| 13:23 | Create | Villager (Male) |
| 13:23 | Create | Villager (Male) |
| 13:57 | Create | Villager (Male) |
| 14:04 | Age | Feudal Age |
| 14:06 | Build | Market |
| 14:09 | Build | Blacksmith |
| 14:15 | Build | Palisade Wall |
| 14:18 | Build | Palisade Wall |
| 14:45 | Create | Fishing Ship |
| 15:27 | Build | Palisade Wall |
| 15:42 | Research | Castle Age |
| 16:06 | Build | House |
| 16:07 | Build | House |
| 16:10 | Build | Palisade Wall |
| 16:45 | Build | House |
| 16:47 | Build | House |
| 16:51 | Build | Palisade Wall |
| 16:54 | Research | Padded Archer Armor |
| 17:14 | Build | House |
| 17:32 | Build | House |
| 17:34 | Build | House |
| 17:51 | Build | Stone Wall |
| 18:22 | Age | Castle Age |
| 18:30 | Build | Castle |
| 18:53 | Create | Villager (Male) |
| 18:56 | Build | Siege Workshop |
| 19:04 | Build | Palisade Wall |
| 19:21 | Create | Villager (Male) |
| 19:41 | Create | Arambai |
| 19:41 | Create | Arambai |
| 19:42 | Create | Arambai |
| 20:13 | Create | Arambai |
| 20:13 | Create | Arambai |
| 20:24 | Create | Villager (Male) |
| 20:25 | Create | Villager (Male) |
| 20:27 | Research | Fletching |
| 20:30 | Build | Siege Workshop |
| 20:32 | Create | Villager (Male) |
| 20:36 | Create | Arambai |
| 20:36 | Create | Arambai |
| 20:36 | Create | Arambai |
| 21:12 | Create | Villager (Male) |
| 21:13 | Create | Arambai |
| 21:31 | Create | Villager (Male) |
| 21:40 | Create | Arambai |
| 21:40 | Create | Arambai |
| 21:41 | Create | Arambai |
| 21:56 | Build | House |
| 21:57 | Build | Palisade Wall |
| 21:58 | Build | Palisade Wall |
| 22:08 | Create | Villager (Male) |
| 22:09 | Create | Villager (Male) |
| 22:10 | Create | Villager (Male) |
| 22:13 | Create | Arambai |
| 22:13 | Create | Arambai |
| 22:19 | Build | Palisade Wall |
| 22:32 | Create | Mangonel |
| 22:40 | Build | Stone Wall |
| 22:45 | Create | Arambai |
| 22:45 | Create | Arambai |
| 22:59 | Build | Stone Wall |
| 23:07 | Build | Stone Wall |
| 23:07 | Build | Stone Wall |
| 23:13 | Create | Arambai |
| 23:21 | Create | Villager (Male) |
| 23:41 | Create | Villager (Male) |
| 23:50 | Create | Villager (Male) |
| 23:52 | Create | Arambai |
| 23:52 | Create | Arambai |
| 23:53 | Create | Arambai |
| 24:24 | Create | Arambai |
| 24:24 | Create | Arambai |
| 24:25 | Create | Arambai |
| 24:54 | Create | Arambai |
| 24:54 | Create | Arambai |
| 25:08 | Create | Arambai |
| 25:08 | Create | Arambai |
| 25:52 | Create | Arambai ×2 |
| 28:59 | Create | Arambai |
| 29:20 | Build | Lumber Camp |
| 30:41 | Build | Town Center |
| 30:52 | Build | Town Center |
| 32:25 | Build | Town Center |
| 32:44 | Create | Villager (Male) |
| 32:49 | Build | Farm |
| 32:59 | Build | Farm |
| 33:18 | Create | Villager (Male) |
| 33:18 | Create | Villager (Male) |
| 33:19 | Create | Villager (Male) |
| 34:33 | Create | Arambai |
| 34:33 | Create | Arambai |
| 34:33 | Create | Arambai |
| 34:34 | Create | Arambai |
| 34:34 | Create | Arambai |
| 34:52 | Build | Barracks |
| 35:01 | Build | Farm |
| 35:09 | Build | Farm |
| 35:21 | Build | Farm |
| 35:28 | Build | Farm |
| 35:52 | Create | Arambai |
| 35:52 | Create | Arambai |
| 35:53 | Create | Arambai |
| 36:12 | Create | Arambai |
| 36:13 | Create | Villager (Male) |
| 36:13 | Create | Villager (Male) |
| 36:40 | Create | Villager (Male) |
| 36:42 | Create | Villager (Male) |
| 36:45 | Build | Farm |
| 36:49 | Build | Farm |
| 37:00 | Create | Villager (Male) |
Match timeline
| 0:22 | TAG_Sitaux · first_building Dock |
| 0:27 | Thunder · first_building Dock |
| 0:36 | 快樂 543 · first_building Dock |
| 0:58 | yclin124 · first_building Dock |
| 1:05 | 鱼儿长了鱼尾纹 · first_building Dock |
| 1:29 | pigpig_aoe · first_building Dock |
| 1:35 | 冷麵趁熱吃 · first_building Dock |
| 1:42 | yclin124 · wall_segment Palisade Wall x1 |
| 1:57 | Thunder · wall_segment Palisade Wall x1 |
| 1:57 | pigpig_aoe · wall_segment Palisade Wall x1 |
| 1:58 | pigpig_aoe · wall_segment Palisade Wall x1 |
| 1:59 | pigpig_aoe · wall_segment Palisade Wall x1 |
| 2:56 | changolango · first_building Dock |
| 8:44 | yclin124 · wall_segment Palisade Wall x1 |
| 8:58 | yclin124 · wall_segment Palisade Wall x1 |
| 10:48 | Thunder · wall_segment Palisade Wall x1 |
| 11:06 | Thunder · wall_segment Palisade Wall x1 |
| 11:20 | Thunder · wall_segment Palisade Wall x1 |
| 11:26 | 鱼儿长了鱼尾纹 · wall_segment Palisade Wall x14 |
| 11:33 | Thunder · wall_segment Palisade Wall x1 |
| 11:42 | Thunder · first_building Barracks |
| 11:50 | Thunder · wall_segment Palisade Wall x1 |
| 12:28 | changolango · first_building Barracks |
| 12:42 | TAG_Sitaux · wall_segment Palisade Wall x1 |
| 12:54 | Thunder · age_up feudal |
| 12:58 | yclin124 · age_up feudal |
| 12:59 | Thunder · first_building Archery Range |
| 13:22 | pigpig_aoe · age_up feudal |
| 13:47 | 快樂 543 · age_up feudal |
| 14:01 | changolango · age_up feudal |
| 14:04 | 鱼儿长了鱼尾纹 · age_up feudal |
| 14:04 | changolango · first_building Stable |
| 14:15 | changolango · wall_segment Palisade Wall x6 |
| 14:15 | 鱼儿长了鱼尾纹 · wall_segment Palisade Wall x3 |
| 14:18 | 鱼儿长了鱼尾纹 · wall_segment Palisade Wall x1 |
| 15:22 | changolango · wall_segment Palisade Wall x3 |
| 15:24 | changolango · wall_segment Palisade Wall x14 |
| 15:27 | 鱼儿长了鱼尾纹 · wall_segment Palisade Wall x13 |
| 15:44 | changolango · wall_segment Palisade Wall x10 |
| 15:46 | 快樂 543 · wall_segment Palisade Wall x1 |
| 16:10 | 鱼儿长了鱼尾纹 · wall_segment Palisade Wall x6 |
| 16:33 | Thunder · age_up castle |
| 16:51 | 鱼儿长了鱼尾纹 · wall_segment Palisade Wall x1 |
| 17:03 | changolango · wall_segment Palisade Wall x4 |
| 17:08 | yclin124 · age_up castle |
| 17:09 | Thunder · first_building Siege Workshop |
| 17:51 | 鱼儿长了鱼尾纹 · wall_segment Stone Wall x6 |
| 18:11 | changolango · age_up castle |
| 18:22 | 鱼儿长了鱼尾纹 · age_up castle |
| 18:26 | yclin124 · first_market_buy 100 wood |
| 18:30 | 鱼儿长了鱼尾纹 · first_building Castle |
| 18:56 | 鱼儿长了鱼尾纹 · first_building Siege Workshop |
| 19:04 | 鱼儿长了鱼尾纹 · wall_segment Palisade Wall x1 |
| 19:38 | 鱼儿长了鱼尾纹 · first_market_sell 100 food |
| 21:08 | pigpig_aoe · age_up castle |
| 21:11 | 快樂 543 · first_market_buy 100 food |
| 21:57 | 鱼儿长了鱼尾纹 · wall_segment Palisade Wall x1 |
| 21:58 | 鱼儿长了鱼尾纹 · wall_segment Palisade Wall x1 |
| 22:19 | 鱼儿长了鱼尾纹 · wall_segment Palisade Wall x1 |
| 22:29 | 鱼儿长了鱼尾纹 · first_market_buy 100 wood |
| 22:39 | 冷麵趁熱吃 · wall_segment Palisade Wall x6 |
| 22:40 | 鱼儿长了鱼尾纹 · wall_segment Stone Wall x6 |
| 22:59 | 鱼儿长了鱼尾纹 · wall_segment Stone Wall x1 |
| 23:07 | 鱼儿长了鱼尾纹 · wall_segment Stone Wall x2 |
| 23:07 | 鱼儿长了鱼尾纹 · wall_segment Stone Wall x1 |
| 23:08 | TAG_Sitaux · wall_segment Palisade Wall x9 |
| 23:15 | 冷麵趁熱吃 · wall_segment Palisade Wall x10 |
| 23:16 | yclin124 · first_building Monastery |
| 23:28 | TAG_Sitaux · wall_segment Palisade Wall x5 |
| 23:31 | TAG_Sitaux · wall_segment Palisade Wall x7 |
| 23:36 | TAG_Sitaux · wall_segment Palisade Wall x5 |
| 23:43 | 冷麵趁熱吃 · wall_segment Palisade Wall x11 |
| 23:53 | pigpig_aoe · first_market_buy 100 stone |
| 24:27 | 快樂 543 · age_up castle |
| 24:36 | 快樂 543 · first_building Castle |
| 24:58 | TAG_Sitaux · age_up feudal |
| 25:22 | 冷麵趁熱吃 · wall_segment Palisade Wall x1 |
| 25:23 | 冷麵趁熱吃 · wall_segment Palisade Wall x1 |
| 25:27 | 冷麵趁熱吃 · wall_segment Palisade Wall x1 |
| 25:29 | changolango · first_market_sell 100 wood |
| 25:29 | changolango · first_market_buy 100 food |
| 25:30 | 冷麵趁熱吃 · wall_segment Palisade Wall x1 |
| 25:35 | 冷麵趁熱吃 · wall_segment Palisade Wall x1 |
| 26:17 | yclin124 · first_building Castle |
| 27:48 | yclin124 · first_market_sell 100 wood |
| 29:01 | TAG_Sitaux · age_up castle |
| 29:04 | yclin124 · first_building Barracks |
| 29:08 | TAG_Sitaux · first_building Siege Workshop |
| 29:12 | pigpig_aoe · first_building Castle |
| 29:31 | TAG_Sitaux · first_market_sell 100 food |
| 29:35 | pigpig_aoe · first_building Monastery |
| 30:02 | TAG_Sitaux · wall_segment Palisade Wall x1 |
| 30:40 | yclin124 · first_building Siege Workshop |
| 30:40 | pigpig_aoe · first_market_sell 100 food |
| 31:12 | pigpig_aoe · first_building Barracks |
| 31:15 | yclin124 · age_up imperial |
| 31:58 | TAG_Sitaux · first_market_buy 100 stone |
| 32:14 | pigpig_aoe · first_building Archery Range |
| 32:14 | pigpig_aoe · first_building Stable |
| 32:26 | TAG_Sitaux · first_building Monastery |
| 33:23 | Thunder · first_market_buy 100 food |
| 33:53 | pigpig_aoe · age_up imperial |
| 34:15 | yclin124 · first_building Archery Range |
| 34:52 | Thunder · first_building Stable |
| 34:52 | 鱼儿长了鱼尾纹 · first_building Barracks |
| 34:59 | 快樂 543 · first_market_sell 100 food |
| 36:34 | Thunder · wall_segment Palisade Wall x1 |
| 36:36 | Thunder · wall_segment Palisade Wall x1 |
| 36:38 | Thunder · wall_segment Palisade Wall x1 |
| 38:01 | Thunder · wall_segment Palisade Wall x1 |
| 39:13 | TAG_Sitaux · wall_segment Stone Wall x12 |
| 39:20 | TAG_Sitaux · wall_segment Stone Wall x2 |
| 40:23 | TAG_Sitaux · wall_segment Stone Wall x13 |
| 41:13 | changolango · first_building Castle |
| 41:40 | TAG_Sitaux · first_building Castle |
| 42:11 | 快樂 543 · first_building Siege Workshop |
| 42:24 | TAG_Sitaux · first_building Barracks |
| 43:13 | Thunder · wall_segment Palisade Wall x1 |
| 43:14 | TAG_Sitaux · age_up imperial |
| 43:48 | 鱼儿长了鱼尾纹 · first_building Monastery |
| 43:49 | TAG_Sitaux · first_building Stable |
| 46:57 | Thunder · age_up imperial |
| 47:06 | changolango · wall_segment Palisade Wall x1 |
| 47:08 | Thunder · first_market_sell 100 wood |
| 47:42 | 快樂 543 · first_building Monastery |
| 48:28 | changolango · age_up imperial |
| 50:05 | 冷麵趁熱吃 · wall_segment Palisade Wall x8 |
| 50:15 | 冷麵趁熱吃 · wall_segment Palisade Wall x1 |
| 50:17 | 冷麵趁熱吃 · wall_segment Palisade Wall x1 |
| 50:19 | 冷麵趁熱吃 · wall_segment Palisade Wall x1 |
| 50:29 | 冷麵趁熱吃 · wall_segment Palisade Wall x5 |
| 50:32 | 冷麵趁熱吃 · wall_segment Palisade Wall x4 |
| 50:35 | 冷麵趁熱吃 · wall_segment Palisade Wall x4 |
| 52:19 | Thunder · wall_segment Palisade Wall x1 |
| 53:32 | Thunder · resign |
[ AI ANALYSIS · 1 CREDIT ]
What really happened in this match?
Wolo.gg analyzes every decision: build order, eco, micro, common mistakes by bracket. Personalized analysis on WhatsApp or Discord in 30 seconds.
Civ guide
Persians
Perfil
Sitaux (TAG_Sitaux)